 Dungeon Crawl Stone Soup version 0.20.1-1-g8b1a95d (webtiles) character file.

63 polve the Skirmisher (level 3, -1/30 HPs)
             Began as a Demonspawn Abyssal Knight on Aug 8, 2017.
             Was a Follower of Lugonu.
             Slain by a worm (3 damage)
             ... on level 2 of the Dungeon.
             The game lasted 00:01:43 (2340 turns).

polve the Skirmisher (Demonspawn Abyssal Knight)    Turns: 2340, Time: 00:01:43

Health: -1/30      AC:  3    Str: 12    XL:     3   Next: 87%
Magic:  4/4        EV: 11    Int: 13    God:    Lugonu [*.....]
Gold:   132        SH:  0    Dex: 13    Spells: 2/2 levels left

rFire    . . .     SeeInvis .   a - +1 falchion
rCold    . . .     Gourm    .   (no shield)
rNeg     . . .     Faith    .   b - +0 leather armour
rPois    .         Spirit   .   (no helmet)
rElec    .         Reflect  .   (no cloak)
rCorr    .         Harm     .   (no gloves)
MR       +....                  (no boots)
Stlth    +.........             (no amulet)
Regen    0.1/turn               j - ring of protection from magic
MPRegen  0.1/turn               (no ring)

@: no status effects
A: powered by death 1
a: Depart the Abyss, Renounce Religion


You were on level 2 of the Dungeon.
You worshipped Lugonu.
Lugonu was aware of your devotion.
You were hungry.

You visited 1 branch of the dungeon, and saw 3 of its levels.
You visited the Abyss 1 time.

You collected 132 gold pieces.

Inventory:

Hand Weapons
 a - a +1 falchion (weapon)
Armour
 b - a +0 leather armour (worn)
 l - +0 ice dragon scales
Jewellery
 j - a ring of protection from magic (left hand)
Scrolls
 d - 2 scrolls of identify {unknown}
 e - a scroll of enchant armour {unknown}
 f - a scroll of blinking {unknown}
 g - a scroll of teleportation {unknown}
 k - 2 scrolls of amnesia {unknown}
 p - a scroll of magic mapping {unknown}
Potions
 i - a potion of degeneration {unknown}
 n - a potion of mutation {unknown}
Comestibles
 c - a bread ration
 h - 2 fruits
 m - 4 chunks of flesh
 o - 2 meat rations


   Skills:
 + Level 4.0 Fighting
 + Level 2.9 Long Blades
 - Level 1.7 Armour
 - Level 0.8 Dodging
 - Level 2.4 Invocations


You had 2 spell levels left.
You didn't know any spells.

Dungeon Overview and Level Annotations

Branches:
Dungeon (3/15)

Altars:

Annotations:
D:3 Ijyb, Jessica


Innate Abilities, Weirdness & Mutations

You regenerate a little health from kills.


Message History

You slash the worm!
The worm is moderately wounded.
You hit the worm.
The worm is severely wounded.
The worm bites you.
* * * LOW HITPOINT WARNING * * *
You hit the worm.
The worm is almost dead.
The worm bites you!
* * * LOW HITPOINT WARNING * * *
You hit the worm but do no damage.
The worm is severely wounded.
The worm bites you.
* * * LOW HITPOINT WARNING * * *
You hit the worm.
The worm is severely wounded.
You hit the worm but do no damage.
The worm is severely wounded.
The worm bites you.
You die...

#.# #.# #.# #.# ###.#
#.# #.# #.# ....#
#.#########.####.###
#####
#..................#
.#
#########.##########
.# #.# .# #.#
####################.#
................@w..>#
..........###.########
......###.# #.#
#####.###.# #.#
#.......###.#
#........##.#
#[.....#.##.#
#......#..#.#
#......##.#.#


You could see a worm.

Vanquished Creatures
  2 adders (D:2)
  An ooze (D:2)
  2 dart slugs (D:2)
  5 bats
  3 giant cockroaches
  2 goblins
  6 hobgoblins
  3 jackals (D:1)
  4 kobolds
  A quokka (D:2)
  2 frilled lizards (D:1)
  5 rats
36 creatures vanquished.

Notes
Turn   | Place    | Note
-------+----------+-------------------------------------------
     0 | Abyss:1  | polve the Demonspawn Abyssal Knight began the quest for the Orb.
     0 | Abyss:1  | Reached XP level 1. HP: 18/18 MP: 2/2
    49 | Abyss:1  | Found a corrupted altar of Lugonu.
   207 | Abyss:1  | Found a corrupted altar of Lugonu.
   337 | Abyss:1  | Noticed a white very ugly thing
   338 | D:1      | Escaped the Abyss
   430 | D:1      | Reached * piety under Lugonu
   531 | D:1      | Gained mutation: You regenerate a little health from kills. [demonic ancestry]
   531 | D:1      | Reached XP level 2. HP: 21/24 MP: 3/3
  1433 | D:2      | Reached XP level 3. HP: 19/30 MP: 4/4
  2136 | D:2      | Reached skill level 4 in Fighting
  2317 | D:3      | Noticed Jessica
  2317 | D:3      | Noticed Ijyb
  2340 | D:2      | Slain by a worm

Skill      XL: |  1  2  3 |
---------------+----------+-----
Long Blades    | 2 |  2.9
Fighting       | 4 |  4.0
Armour         | |  1.7
Dodging        | |  0.8
Invocations    | |  2.4

Action                   || total
-------------------------++-------
Melee: Falchion          ||   107
Invok: Depart the Abyss  ||     1
  Use: Potion            ||     1
 Stab: Sleeping          ||     1
  Eat: Chunk             ||     4
Armor: Leather armour    ||    34
Dodge: Dodged            ||    59
       Rpst.: Falchion   ||    20
